cohdb
Replays
Latest Replays
All Replays
Popular Replays
Top Player Replays
Match Explorer
How It Works
Community
CoH3 Stats
Reddit
Sign in to upload your games and track your stats! →
Sign in with Steam
Match 34133138
Unlisted
Match 34133138
Overview
Messages
Build Orders
End
Royal Engineer Section
Construct Section Command Post
Selects Heavy Armor Battlegroup
Infantry Section
Vickers Machine Gun Team
Infantry Section
Construct Field Infirmary
Grenade Package
Selects Rigorous Vehicle Training
Construct Platoon Command Post
Humber Armored Car
Infantry Training
ML 3-inch Mortar Team
Infantry Section
Construct Company Command Post
Selects Crusader AA Medium Tank
Selects UNKNOWN (2162094)
Churchill IV Heavy Tank
Armored Vehicle Training
Foot Guards Section
Crusader II Medium Tank
Selects Light Vehicle Withdraw and Refit
Selects Radio Net
Selects Recon Artillery
Recon Artillery
CMP 15cwt Truck
Radio Net
AndreiM2006
Goodvyn
0
0
Comments
sign in to comment!
No comments posted yet!